 Dungeon Crawl Stone Soup version 0.32-a0-22-g6ae6769 (webtiles) character file.

Game seed: 17553706695129709761

28582 Dorkslayer the Covert (level 13, -10/89 HPs)
             Began as an Octopode Shapeshifter on Jan 17, 2024.
             Was an Elder of Dithmenos.
             Mangled by an orc warrior
             ... wielding a +0 trident of protection
              (19 damage)
             ... on level 2 of the Orcish Mines on Jan 18, 2024.
             The game lasted 00:47:24 (11972 turns).

Dorkslayer the Covert (Octopode Shapeshifter)      Turns: 11972, Time: 00:47:24

Health: -10/89     AC:  5    Str: 21    XL:     13   Next: 39%
Magic:  13/13      EV: 16    Int: 21    God:    Dithmenos [****..]
Gold:   1392       SH:  6    Dex: 13    Spells: 9/12 levels left

rFire   + .          .
                       - Unarmed
rCold   . . .        v - +1 buckler
rNeg    + + .        (helmet currently unavailable)
rPois   +            I - amulet of Ral Uwot {rN+ Regen+}
rElec   .            h - +4 ring of protection
rCorr   .            n - ring of poison resistance
SInv    +            O - ring "Wopomij" {Fly Str+4 Int+3}
Will    +....        s - +4 ring of slaying Stlth *+++++++++
                     D - ring of see invisible
HPRegen 1.14/turn    l - ring of protection from fire
MPRegen 0.13/turn    E - ring of Seimuhej {rN+ Int+6 Stlth+}
                     M - ring of Joy {Will+ Slay+4}

%: no passive effects
@: beast-form, flying, wreathed by umbra
A: beast (slay +4), almost no armour, amphibious, 8 rings, camouflage 1,
gelatinous body 1, (nimble swimmer 1), tentacles
a: Begin Untransformation, Renounce Religion, Shadow Step


You were on level 2 of the Orcish Mines.
You worshipped Dithmenos.
Dithmenos was greatly pleased with you.
You were a hulking beast.
You visited 3 branches of the dungeon, and saw 15 of its levels.

You collected 1812 gold pieces.
You spent 420 gold pieces at shops.

Inventory:

Hand Weapons
 a - a +4 morningstar
 r - a +0 broad axe
 J - the +4 flail of Vunlaw {flame, rF+ Will+ SInv}
   (You found it on level 7 of the Dungeon)

   rF+:       It protects you from fire.
   Will+:     It increases your willpower.
   SInv:      It lets you see invisible.
 P - a +2 flail of holy wrath
Missiles
 C - 23 boomerangs
 H - 3 throwing nets
Armour
 v - a +1 buckler (worn)
 A - a +2 hat
Jewellery
 h - a +4 ring of protection (left tentacle)
 l - a ring of protection from fire (on tentacle)
 n - a ring of poison resistance (right tentacle)
 s - a +4 ring of slaying (on tentacle)
 D - a ring of see invisible (on tentacle)
 E - the ring of Seimuhej (on tentacle) {rN+ Int+6 Stlth+}
   (You bought it in a shop on level 12 of the Dungeon)

   [ring of intelligence]

   Int+6:     It affects your intelligence (+6).
   rN+:       It protects you from negative energy.
   Stlth+:    It makes you more stealthy.
 I - the amulet of Ral Uwot (around mantle) {rN+ Regen+}
   (You bought it in a shop on level 12 of the Dungeon)

   [amulet of regeneration]

   rN+:       It protects you from negative energy.
   Regen+:    It increases your rate of health regeneration.
 K - an amulet of the acrobat
 M - the ring of Joy (on tentacle) {Will+ Slay+4}
   (You bought it in a shop on level 12 of the Dungeon)

   [ring of slaying]

   Slay+4:    It affects your accuracy & damage with ranged weapons and melee
   (+4).
   Will+:     It increases your willpower.
 O - the ring "Wopomij" (on tentacle) {Fly Str+4 Int+3}
   (You bought it in a shop on level 12 of the Dungeon)

   [ring of flight]

   Str+4:     It affects your strength (+4).
   Int+3:     It affects your intelligence (+3).
   Fly:       It grants you flight.
Talismans
 b - a beast talisman
 c - a flux talisman
 G - a maw talisman
Wands
 g - a wand of roots (10)
 F - a wand of polymorph (5)
Scrolls
 i - a scroll of silence
 j - 3 scrolls of immolation
 k - a scroll of fog
 m - 3 scrolls of enchant weapon
 p - 2 scrolls of fear
 t - 3 scrolls of teleportation
 w - a scroll of revelation
 x - a scroll of noise {unknown}
 z - a scroll of amnesia {unknown}
 B - 3 scrolls of enchant armour
 N - a scroll of poison {unknown}
 Q - a scroll of blinking {unknown}
Potions
 d - 3 potions of brilliance
 e - 2 potions of invisibility {unknown}
 o - 2 potions of magic
 u - a potion of mutation {unknown}
 L - 2 potions of curing


   Skills:
 + Level 8.6 Fighting
 - Level 3.5 Throwing
 + Level 8.1 Dodging
 + Level 12.1 Stealth
 + Level 5.9 Shields
 - Level 12.0 Unarmed Combat
 + Level 5.4 Evocations
 * Level 9.5 Shapeshifting


You had 9 spell levels left.
You knew the following spells:

 Your Spells              Type           Power      Damage    Failure   Level
a - Swiftness             Air            0%         N/A       54%         3

Your spell library contained the following spells:

 Spells                   Type           Power      Damage    Failure   Level
 Freeze                   Ice            0%         1d3       22%         1
 Magic Dart               Conj           0%         1d3       22%         1
 Shock                    Conj/Air       0%         1d3       22%         1
 Lesser Beckoning         Tloc           0%         N/A       32%         2
 Mercury Vapours          Alch/Air       0%         N/A       32%         2
 Searing Ray              Conj           0%         2d4       32%         2
 Frozen Ramparts          Ice            0%         1d1       54%         3
 Gell's Gravitas          Tloc           0%         N/A       54%         3
 Hailstorm                Conj/Ice       0%         3d5       54%         3
 Mephitic Cloud           Conj/Alch/Air  0%         N/A       54%         3
 Ozocubu's Armour         Ice            0%         N/A       54%         3
 Teleport Other           Tloc           0%         N/A       54%         3
 Airstrike                Air            0%         2d(0-16)  91%         4
 Fulminant Prism          Conj/Alch      0%         3d5       91%         4
 Freezing Cloud           Conj/Ice/Air   0%         6-21      99%         5
 Metabolic Englaciation   Hex/Ice        0%         N/A       99%         5
 Sculpt Simulacrum        Ice/Alch       0%         N/A       100%        6
 Haunt                    Necr/Summ      0%         N/A       100%        7
 Borgnjor's Revivificati  Necr           0%         N/A       100%        8
 Death's Door             Necr           0%         N/A       100%        9


Dungeon Overview and Level Annotations

Branches:
Dungeon (12/15)            Temple (1/1) D:6            Lair (0/5) D:11
    Orc (2/2) D:11            Elf (0/3) Orc:2

Altars:
Ashenzari
Cheibriados
Dithmenos
Elyvilon
Fedhas
Gozag
Hepliaklqana
Kikubaaqudgha
Makhleb
Nemelex Xobeh
Okawaru
Qazlal
Ru
Sif Muna
Trog
Uskayaw
Vehumet
Wu Jian
Xom
Yredelemnul
Zin
The Shining One

Shops:
D:2 =   D:5 (   D:6 (   D:12 *   Orc:1 =

Portals:
Trove: D:11 (give 4 scrolls of blinking)


Innate Abilities, Weirdness & Mutations

You are a hulking beast.
Your limbs bulge with bestial killing power. (Slay +4)
You cannot wear most types of armour.
You are amphibious.
You can wear up to eight rings at the same time.
Your skin changes colour to match your surroundings (Stealth+).
Your rubbery body absorbs attacks. (AC +1, EV +1)
((You are camouflaged when in or above water. (Stealth+)))
You have tentacles for arms and can constrict up to eight enemies at once.


Message History

Dithmenos accepts your kill.
The javelin pierces through the orc knight!
The orc knight is heavily wounded.
The javelin closely misses the orc warrior.
Unknown command.
Throw: javelin
Press: ? - help, Q - select action, (/) - cycle Shift-Dir - straight line, f - orc warrior, p - orc warrior
Aim: an orc warrior, wielding a +0 broad axe (severely wounded, strong, umbra, 65% to hit)
You throw a javelin.
The javelin pierces through the orc knight!
The orc knight is severely wounded.
The javelin barely misses the orc warrior.
The javelin pierces through the orc warrior!
You kill the orc warrior!
Dithmenos accepts your kill.
Your shadow throws a javelin.
The javelin pierces through the orc knight!
The javelin pierces through the orc warrior!
The orc warrior barely misses you.
The orc knight shoots a bolt.
The bolt barely misses you.
Unknown command.
The orc warrior closely misses you.
An orc warrior comes into view. It is wielding a +0 orcbow.
The orc warrior barely misses you.
The orc warrior hits you with a +0 battleaxe!
The orc warrior unwields a +0 orcbow.
The orc warrior wields a +0 glaive.
You block the orc warrior's attack.
The orc warrior unwields a +0 orcbow.
The orc warrior wields a +0 glaive.
The orc warrior hits you with a +0 glaive!
The orc knight unwields a +0 arbalest.
The orc knight wields a +0 great mace.
The orc knight hits you with a +0 great mace!!
* * * LOW HITPOINT WARNING * * *
Things that are here:
a +0 scimitar; a +0 plate armour You closely miss the orc knight.
You grab the orc knight.
The orc knight is almost dead.
You constrict the orc knight.
The orc warrior no longer looks unusually strong.
The orc warrior hits you with a +0 trident of protection!!
You die...

.,,,,.....$.$..........$...,,,,,,
,,,,,....................,,,,,,,,
,,,,,....................,,,,,,,,
,,,,,....................,,,,,,,,
,,,,,....................,,,,,,,,
,,,,,....................,,,,,,,,
,,,,,..........).........,,,,,,,,
..,,,..........ooo...(...,,,,,,,,
...,,,..........hoo......,,,,,,,,
....,,.........##oo##..##,,,***,,
.....,........##)oo)...,,,~~* *~~
..............#o)oo.....,~~~* *~~
..................)....≈≈~~*****~
..............#......≈≈≈≈****∩***
..............#....o≈≈≈≈#***,,,**
.........................,,,,∩,,,
...............,,,,,,,,,,,,,,∩,,,


You could see an orc knight, 8 orc warriors and 3 orcs.

Vanquished Creatures
  Harold (Orc:1)
  A centaur warrior (D:11)
  2 boulder beetles (D:11)
  8 two-headed ogres
  7 death yaks (D:11)
  An orc high priest (Orc:1)
  A deep elf pyromancer (D:12)
  2 ugly things
  An orc sorcerer (Orc:1)
  6 cyclopes
  A gargoyle (D:12)
  3 unseen horrors
  2 komodo dragons (D:11)
  6 trolls
  Prince Ribbit (D:6)
  A troll (shapeshifter) (D:11)
  16 yaks
  A shadow (D:11)
  2 wyverns
  4 wargs (Orc:1)
  A steam dragon (D:7)
  5 vampire mosquitoes (D:11)
  Menkaure (D:4)
  Edmund (D:5)
  2 water moccasins
  17 orc warriors
  A sky beast (D:8)
  3 ogres
  3 centaurs
  2 phantoms
  Blork the orc (D:6)
  A kobold brigand (D:10)
  2 scorpions
  A gnoll sergeant (D:7)
  9 wights (D:7)
  2 killer bees (D:9)
  4 howler monkeys
  A bombardier beetle (D:5)
  3 hounds
  Crazy Yiuf (D:4)
  11 orc priests
  A jelly (D:6)
  3 iguanas
  A sleepcap (D:5)
  17 orc wizards
  6 gnolls
  8 adders
  4 shadow imps
  A white imp (D:7)
  A dart slug (D:4)
  4 ribbon worms
  48 orcs
  5 ball pythons
  3 bats
  5 endoplasms
  4 giant cockroaches
  5 goblins
  10 hobgoblins
  2 quokkas
  4 frilled lizards
  8 kobolds
  7 rats
286 creatures vanquished.

Vanquished Creatures (collateral kills)
  A skeletal warrior (D:11)
  A cyclops (D:11)
  A kobold blastminer (Orc:2)
  A centaur (Orc:2)
  A killer bee (D:9)
5 creatures vanquished.

Vanquished Creatures (others)
  A kobold blastminer (Orc:2)
  A wraith (D:11)
  A centaur (Orc:2)
  A killer bee (D:9)
  2 orcs (D:7)
6 creatures vanquished.

Grand Total: 297 creatures vanquished

Notes
Turn   | Place    | Note
-------+----------+-------------------------------------------
     0 | D:1      | Dorkslayer the Octopode Shapeshifter began the quest for
                  | the Orb.
     0 | D:1      | Reached XP level 1. HP: 13/13 MP: 1/1
   242 | D:1      | Reached XP level 2. HP: 18/18 MP: 2/2
   535 | D:2      | Upgraded the game from 0.32-a0-21-gdaabb59 to
                  | 0.32-a0-22-g6ae6769
   564 | D:2      | Reached skill level 1 in Stealth
   731 | D:2      | Found a faded altar of an unknown god.
   750 | D:2      | Reached XP level 3. HP: 23/23 MP: 3/3
   925 | D:2      | Reached XP level 4. HP: 13/28 MP: 4/4
  1014 | D:2      | Found Tadda's Jewellery Boutique.
  2055 | D:4      | Reached XP level 5. HP: 33/33 MP: 5/5
  2056 | D:4      | Noticed a phantom
  2065 | D:4      | Killed a phantom
  2093 | D:4      | Found a snail-covered altar of Cheibriados.
  2284 | D:4      | Found a runed translucent door.
  2285 | D:4      | Noticed Crazy Yiuf
  2331 | D:4      | Reached XP level 6. HP: 38/38 MP: 6/6
  2348 | D:4      | Noticed Menkaure
  2351 | D:4      | Killed Menkaure
  2352 | D:4      | Reached skill level 1 in Shields
  2352 | D:4      | Reached skill level 5 in Unarmed Combat
  2709 | D:4      | Killed Crazy Yiuf
  2796 | D:5      | Entered Level 5 of the Dungeon
  2796 | D:5      | Found a glowing silver altar of Zin.
  2797 | D:5      | Found a hazy altar of Hepliaklqana.
  2801 | D:5      | Found a white marble altar of Elyvilon.
  2801 | D:5      | Found an ornate altar of the Wu Jian Council.
  2801 | D:5      | Found an iron altar of Okawaru.
  2801 | D:5      | Found a shimmering altar of Xom.
  2802 | D:5      | Found a radiant altar of Vehumet.
  2930 | D:5      | Reached XP level 7. HP: 39/43 MP: 7/7
  2969 | D:5      | Noticed Edmund
  2973 | D:5      | Killed Edmund
  3130 | D:5      | Found a bloodstained altar of Trog.
  3206 | D:5      | Found Weodaimma's Antique Weapon Shop.
  3213 | D:5      | Reached skill level 5 in Stealth
  3528 | D:6      | Found Umpirhuy's Weapon Shoppe.
  3549 | D:6      | Found a staircase to the Ecumenical Temple.
  3555 | Temple   | Entered the Ecumenical Temple
  3566 | Temple   | Became a worshipper of Dithmenos the Shadowed
  3671 | D:6      | Reached XP level 8. HP: 20/48 MP: 8/8
  3805 | D:6      | Noticed Prince Ribbit
  3873 | D:6      | Killed Prince Ribbit
  3874 | D:6      | Reached skill level 1 in Evocations
  4041 | D:6      | Noticed Blork the orc
  4049 | D:6      | Killed Blork the orc
  4304 | D:7      | You fall into a shaft and drop 2 floors!
  4491 | D:9      | Reached * piety under Dithmenos
  4559 | D:9      | Noticed a two-headed ogre
  4564 | D:9      | Killed a two-headed ogre
  4565 | D:9      | Reached XP level 9. HP: 21/57 MP: 9/9
  4867 | D:8      | Reached skill level 1 in Throwing
  5122 | D:7      | Reached skill level 5 in Shapeshifting
  5239 | D:7      | Identified the +4 flail of Vunlaw {flame, rF+ Will+ SInv}
  5930 | D:7      | Reached XP level 10. HP: 64/65 MP: 10/10
  6019 | D:8      | Identified a scroll of acquirement
  6019 | D:8      | Acquired 660 gold pieces
  6105 | D:8      | Reached ** piety under Dithmenos
  7025 | D:10     | Entered Level 10 of the Dungeon
  7091 | D:10     | Reached skill level 5 in Fighting
  7091 | D:10     | Reached skill level 5 in Dodging
  7491 | D:10     | Reached skill level 10 in Unarmed Combat
  7972 | D:10     | Noticed a cyclops
  7984 | D:10     | Killed a cyclops
  8117 | D:10     | Reached XP level 11. HP: 55/72 MP: 11/11
  8371 | D:11     | Found a staircase to the Orcish Mines.
  8419 | D:11     | Found a portal to a secret trove of treasure.
  8477 | D:11     | Noticed a death yak
  8478 | D:11     | Noticed a death yak
  8478 | D:11     | Noticed a death yak
  8480 | D:11     | Noticed a death yak
  8484 | D:11     | Noticed a death yak
  8489 | D:11     | Noticed a death yak
  8490 | D:11     | Killed a death yak
  8491 | D:11     | Noticed a death yak
  8493 | D:11     | Killed a death yak
  8558 | D:11     | HP: 2/74 [vampire mosquito (6)]
  8957 | D:11     | Noticed a cyan ugly thing
  8966 | D:11     | Killed a cyan ugly thing
  9019 | D:11     | Noticed a boulder beetle
  9022 | D:11     | Noticed a cyclops
  9022 | D:11     | Noticed a centaur warrior
  9030 | D:11     | Killed a boulder beetle
  9036 | D:11     | Noticed a two-headed ogre
  9043 | D:11     | Noticed a two-headed ogre
  9050 | D:11     | Killed a two-headed ogre
  9063 | D:11     | Reached *** piety under Dithmenos
  9253 | D:11     | Noticed a two-headed ogre
  9253 | D:11     | Noticed a skeletal warrior
  9261 | D:11     | Killed a skeletal warrior
  9265 | D:11     | Killed a cyclops
  9266 | D:11     | Reached XP level 12. HP: 81/81 MP: 12/12
  9279 | D:11     | Killed a centaur warrior
  9286 | D:11     | Killed a two-headed ogre
  9399 | D:12     | Reached skill level 5 in Shields
  9418 | D:12     | Noticed a two-headed ogre
  9430 | D:12     | Killed a two-headed ogre
  9647 | D:12     | Noticed a two-headed ogre
  9664 | D:12     | Killed a two-headed ogre
  9904 | D:12     | Found Vyise's Antique Artefacts.
  9926 | D:12     | Bought a brightly glowing platinum ring for 105 gold pieces
  9926 | D:12     | Identified the ring of Seimuhej {rN+ Int+6 Stlth+} (You
                  | bought it in a shop on level 12 of the Dungeon)
  9926 | D:12     | Bought a steaming amethyst amulet for 105 gold pieces
  9926 | D:12     | Identified the amulet of Ral Uwot {rN+ Regen+} (You bought
                  | it in a shop on level 12 of the Dungeon)
  9926 | D:12     | Bought a faintly glowing steel ring for 105 gold pieces
  9926 | D:12     | Identified the ring of Joy {Will+ Slay+4} (You bought it in
                  | a shop on level 12 of the Dungeon)
  9926 | D:12     | Bought a transparent marble ring for 105 gold pieces
  9926 | D:12     | Identified the ring "Wopomij" {Fly Str+4 Int+3} (You bought
                  | it in a shop on level 12 of the Dungeon)
  9952 | D:12     | Learned a level 3 spell: Swiftness
 10508 | D:11     | Found a staircase to the Lair.
 10536 | D:11     | Noticed a boulder beetle
 10559 | D:11     | Killed a boulder beetle
 10659 | D:11     | Killed a death yak
 10664 | D:11     | Killed a death yak
 10665 | D:11     | Reached skill level 10 in Stealth
 10670 | D:11     | Killed a death yak
 10671 | D:11     | Reached skill level 5 in Evocations
 10676 | D:11     | Killed a death yak
 10681 | D:11     | Killed a death yak
 10850 | D:11     | Killed a two-headed ogre
 10851 | D:11     | Reached XP level 13. HP: 88/88 MP: 13/13
 10930 | Orc:1    | Entered Level 1 of the Orcish Mines
 11066 | Orc:1    | Reached **** piety under Dithmenos
 11232 | Orc:1    | Noticed Harold
 11245 | Orc:1    | Killed Harold
 11254 | Orc:1    | Found Plog's Jewellery Boutique.
 11569 | Orc:2    | Entered Level 2 of the Orcish Mines
 11972 | Orc:2    | Mangled by an orc warrior

Illustrated notes

Levels and vault maps discovered:
D:1:      sevenhm_arrival_forest_fort_large_4, layout_rooms,
          minmay_tiny_reverse_x
D:2:      layout_basic, serial_shops, shop, hellmonk_ecumenical_altar_blasted
D:3:      layout_basic, dreamdust_mushroom_princess, minmay_starry_boxes
D:4:      layout_loops_ring, kennysheep_slug_shrine, uniq_menkaure,
          uniq_crazy_yiuf_cottage
D:5:      layout_loops_ring, minitemple, lemuel_tele_altar, serial_shops,
          nicolae_square_shop, uniq_edmund
D:6:      layout_basic, minmay_temple_entry_enclosed_plants, serial_shops, shop,
          minmay_misc_feat_secret_circle, uniq_blork_the_orc,
          uniq_prince_ribbit1
D:7:      layout_basic
D:8:      layout_basic, skrybe_limestone_x
D:9:      layout_loops_ring, nicolae_concentric_dashed_squares_wild,
          grunt_decor_clamped
D:10:     layout_grid_maze
D:11:     layout_irregular_city, dpeg_lair_monsters, orc_0_dummy, enter_trove_2,
          nzn_random_ring
D:12:     layout_roguey, dk_noncrumbling_2, nicolae_antique_artefacts
Temple:   nicolae_temple_god_jail
Orc:1:    layout_caves, basic_altar, minmay_shop_enchanted_jewellery,
          nooodl_orcs_dogs, uniq_harold
Orc:2:    st_orc_rangers, layout_diamond_mine, basic_altar, bloody_makhleb

Skill      XL: |  1  2  3  4  5  6  7  8  9 10 11 12 13 |
---------------+----------------------------------------+-----
Stealth        | 1 2 3 4 5 6 7 8 10 12 | 12.1
Unarmed Combat | 4 5 6 8 9 10 11 12 | 12.0
Shields        | 1 3 4 5 |  5.9
Shapeshifting  | 4 5 6 7 9 |  9.5
Dodging        | 3 4 5 6 7 8 |  8.1
Evocations     | 2 3 5 |  5.4
Fighting       | 3 4 5 7 8 |  8.6
Throwing       | 1 2 3 |  3.5

Action                     |  1- 3 |  4- 6 |  7- 9 | 10-12 | 13-15 || total
---------------------------+-------+-------+-------+-------+-------++-------
  Melee: Unarmed           |    51 |    72 |   103 |   286 |   109 ||   621
         Constrict         |    11 |    20 |    33 |    26 |    24 ||   114
         Tentacles         |     8 |    16 |    30 |    69 |    24 ||   147
         Punch             |       |     4 |     9 |    26 |    12 ||    51
  Throw: Javelin           |       |       |    16 |    10 |     2 ||    28
  Evoke: Wand              |       |       |     9 |    15 |     7 ||    31
    Use: Scroll            |       |     3 |     5 |     9 |     1 ||    18
         Potion            |       |     1 |     2 |    10 |       ||    13
   Stab: Sleeping          |     6 |     9 |    11 |    14 |     4 ||    44
 Armour: Skin              |    16 |    19 |    54 |   118 |    47 ||   254
  Dodge: Dodged            |    29 |    33 |    62 |   135 |    79 ||   338
  Block: Buckler           |       |     2 |    22 |    49 |    37 ||   110

Table legend: (Time is in decaauts)
 A = Elapsed time spent in this place.
 B = Non-inter-level travel time spent in this place.
 C = Inter-level travel time spent in this place.
 D = Time resting spent in this place.
 E = Time spent auto-exploring this place.
 F = Levels seen in this place.
 G = Mean time per level.
                   A        B        C        D        E       F      G
               +--------+--------+--------+--------+--------+-----+--------+
         Total |  11873 |  11873 |      0 |    675 |   6769 |  15 |  791.5 |
       Dungeon |  10831 |  10831 |      0 |    646 |   6702 |  12 |  902.6 |
        Temple |     20 |     20 |      0 |      0 |      0 |   1 |   20.0 |
  Orcish Mines |   1021 |   1021 |      0 |     29 |     67 |   2 |  510.5 |
               +--------+--------+--------+--------+--------+-----+--------+

Top non-repeatable levels by time:
    D:11: 1467 daAuts
    D:10: 1204 daAuts
    D:12: 1174 daAuts
     D:7: 1110 daAuts
     D:9: 964 daAuts
     D:6: 792 daAuts
     D:2: 787 daAuts
     D:4: 768 daAuts
     D:3: 767 daAuts
     D:8: 668 daAuts
     D:5: 661 daAuts
   Orc:1: 624 daAuts
     D:1: 464 daAuts
   Orc:2: 397 daAuts
  Temple: 20 daAuts
